 Dungeon Crawl Stone Soup version 0.29-a0-23-ga79f92ac9c (webtiles) character file.

Game seed: 3531916594384901634

2257 hashsling the Thaumaturge (level 9, -4/67 HPs)
             Began as a Deep Elf Hedge Wizard on Jan 30, 2022.
             Was an Initiate of Sif Muna.
             Slain by a killer bee (5 damage)
             ... on level 8 of the Dungeon.
             The game lasted 00:38:53 (9068 turns).

hashsling the Thaumaturge (Deep Elf Hedge Wizard)   Turns: 9068, Time: 00:38:55

Health: -4/67      AC:  7    Str:  4 (7)  XL:     9   Next: 15%
Magic:  23/33      EV: 15    Int: 22 (24) God:    Sif Muna [......]
Gold:   260        SH:  0    Dex: 11 (14) Spells: 2/27 levels left

rFire   + + .      SeeInvis .   d - staff of fire
rCold   x . .      Faith    .   (no shield)
rNeg    . . .      Spirit   .   b - +0 robe
rPois   .          Reflect  .   h - +2 helmet
rElec   .          Harm     .   (no cloak)
rCorr   .          Rampage  .   g - +0 pair of gloves
Will    .....                   z - +0 pair of boots
Stlth   ..........              e - amulet of magic regeneration
HPRegen 0.21/turn               y - ring of magical power
MPRegen 0.63/turn               c - ring of fire

@: mighty, berserking, lethally poisoned (-4 -> -13), very quick
A: no striking features
a: Renounce Religion


You were on level 8 of the Dungeon.
You worshipped Sif Muna.
Sif Muna was noncommittal.
You visited 2 branches of the dungeon, and saw 9 of its levels.

You collected 316 gold pieces.
You spent 56 gold pieces at shops.

Inventory:

Hand Weapons
 l - a +3 trident
 m - a +2 dagger of protection
Missiles
 D - a throwing net
Armour
 b - a +0 robe (worn)
 g - a +0 pair of gloves (worn)
 h - a +2 helmet (worn)
 z - a +0 pair of boots (worn)
Magical Staves
 d - a staff of fire (weapon)
 w - a staff of poison
Jewellery
 c - a ring of fire (right hand)
 e - an amulet of magic regeneration (around neck)
 y - a ring of magical power (left hand)
Wands
 p - a wand of polymorph (8)
Scrolls
 f - 8 scrolls of identify
 j - a scroll of holy word {unknown}
 k - a scroll of enchant weapon {unknown}
 n - 2 scrolls of summoning {unknown}
 o - 2 scrolls of enchant armour
 u - 2 scrolls of vulnerability {unknown}
 x - 2 scrolls of blinking {unknown}
Potions
 i - a potion of cancellation
 q - a potion of might
 s - a potion of attraction {unknown}
 t - a potion of ambrosia {unknown}
 v - 2 potions of magic
 B - a potion of mutation {unknown}
 C - 2 potions of flight {unknown}


   Skills:
 + Level 8.6 Dodging
 - Level 3.0 Stealth
 + Level 9.7 Spellcasting
 - Level 5.0 Conjurations
 - Level 2.0 Summonings
 - Level 4.0 Translocations
 + Level 1.5 Fire Magic
 - Level 4.0 Poison Magic


You had 2 spell levels left.
You knew the following spells:

 Your Spells              Type           Power      Damage    Failure   Level
a - Magic Dart            Conj           100%       1d8       1%          1
b - Blink                 Tloc           56%        N/A       1%          2
c - Call Imp              Summ           19%        N/A       4%          2
d - Slow                  Hex            40%        N/A       6%          1
e - Mephitic Cloud        Conj/Pois/Air  23%        N/A       5%          3
f - Foxfire               Conj/Fire      100%       2x1d9     1%          1
g - Gell's Gravitas       Tloc           28%        N/A       3%          3
h - Teleport Other        Tloc           28%        N/A       3%          3
i - Poisonous Vapours     Pois/Air       38%        N/A       4%          2
j - Conjure Flame         Conj/Fire      54%        6-21      4%          3
k - Freeze                Ice            40%        1d6       6%          1
l - Frozen Ramparts       Ice            20%        1d4       19%         3

Your spell library contained the following spells:

 Spells                   Type           Power      Damage    Failure   Level
 Corpse Rot               Necr/Air       20%        N/A       10%         2
 Hailstorm                Conj/Ice       21%        3d6       22%         4
 Alistair's Intoxication  Tmut/Pois      12%        N/A       58%         5
 Freezing Cloud           Conj/Ice/Air   9%         6-21      65%         5
 Dispersal                Tloc           14%        N/A       88%         6


Dungeon Overview and Level Annotations

Branches:
Dungeon (8/15)             Temple (1/1) D:7
   Lair: D:8-11

Altars:
Ashenzari
Dithmenos
Elyvilon
Fedhas
Gozag
Hepliaklqana
Kikubaaqudgha
Makhleb
Okawaru
Ru
Sif Muna
Trog
Uskayaw
Vehumet
Wu Jian
Xom
Yredelemnul
Zin
The Shining One

Shops:
D:4 *   D:5 *


Message History

Your magical effects are unravelling.
You feel magically purged.
Your magical contamination has completely faded away.
The frozen ramparts melt away.
* * * LOW HITPOINT WARNING * * *
You feel very sick.
The killer bee stings you but does no damage.
The killer bee closely misses you.
The killer bee stings you but does no damage.
The killer bee barely misses you. The killer bee closely misses you.
The killer bee barely misses you.
It was a potion of might.
You feel very mighty all of a sudden.
* * * LOW HITPOINT WARNING * * *
You feel very sick.
The killer bee stings you but does no damage. x3
The killer bee barely misses you.
The killer bee stings you but does no damage.
The killer bee barely misses you.
As you read the scroll of fear, it crumbles to dust.
You assume a fearsome visage.
The killer bee looks frightened! x6
* * * LOW HITPOINT WARNING * * *
You feel very sick.
Cornered, the killer bee turns to fight!
Unknown command.
It was a potion of degeneration.
There was something very wrong with that liquid.
You feel weakened.
You feel dopey.
You feel clumsy.
* * * LOW HITPOINT WARNING * * *
You feel sick. The killer bee closely misses you. The killer bee stings you.
* * * LOW HITPOINT WARNING * * *
You are more poisoned.
The killer bee poisons you!
It was a potion of berserk rage.
A red film seems to cover your vision as you go berserk!
You feel yourself moving faster!
You feel mighty!
* * * LOW HITPOINT WARNING * * *
You feel very sick. The killer bee barely misses you.
The killer bee stings you.
You die...

.......[# #....#
....(<######....#
#####...........#
#.######....####
................
#.######....####
#.# #........ #<#
####..#########
#.#
#.....#y@.....#
#.###.#.#####y# #
#.#.# #.###.#.#
#.#.....#.#####.
........y.......
#.......yy#####.
###########


You could see 5 killer bees.

Vanquished Creatures
  Harold (D:6)
  A water moccasin (D:5)
  2 black bears (D:6)
  A necrophage (D:4)
  A kobold brigand (D:7)
  A phantom (D:7)
  2 bullfrogs
  A scorpion (D:5)
  A wyvern skeleton (D:6)
  A water moccasin zombie (D:5)
  A water moccasin skeleton (D:5)
  A centaur zombie (D:3)
  A jelly (D:6)
  An orc priest (D:6)
  A hound (D:6)
  Natasha (twice) (D:3)
  3 iguanas
  4 orc wizards (D:7)
  A howler monkey zombie (D:7)
  6 gnolls
  3 adders
  2 shadow imps
  A white imp (D:7)
  A worm (D:2)
  A dart slug (D:1)
  7 orcs
  7 bats
  3 endoplasms
  8 giant cockroaches
  15 goblins
  10 hobgoblins
  2 jackals (D:3)
  4 quokkas
  9 ball pythons
  3 frilled lizards
  16 kobolds
  2 rats
127 creatures vanquished.

Vanquished Creatures (collateral kills)
  An ogre (D:4)
  A hound (D:5)
  An orc priest (D:7)
  An iguana (D:4)
  A hound skeleton (D:4)
  Robin (D:2)
  A howler monkey zombie (D:6)
  A gnoll (D:5)
  A worm (D:4)
9 creatures vanquished.

Vanquished Creatures (others)
  51 foxfires
51 creatures vanquished.

Grand Total: 187 creatures vanquished

Notes
Turn   | Place    | Note
-------+----------+-------------------------------------------
     0 | D:1      | hashsling the Deep Elf Hedge Wizard began the quest for the
                  | Orb.
     0 | D:1      | Reached XP level 1. HP: 10/10 MP: 7/7
   513 | D:1      | Found a faded altar of an unknown god.
   804 | D:1      | Reached XP level 2. HP: 1/15 MP: 6/9
   807 | D:1      | Learned a level 2 spell: Blink
   810 | D:1      | Learned a level 2 spell: Call Imp
   812 | D:1      | Learned a level 1 spell: Slow
  1714 | D:2      | Noticed Robin
  1741 | D:1      | Reached XP level 3. HP: 4/19 MP: 0/11
  2120 | D:2      | Learned a level 3 spell: Mephitic Cloud
  2900 | D:2      | Killed Robin
  2901 | D:2      | Reached XP level 4. HP: 5/24 MP: 12/12
  3459 | D:2      | Reached skill level 5 in Spellcasting
  3571 | D:2      | Learned a level 3 spell: Conjure Flame
  3903 | D:3      | Found a hide-covered altar of Uskayaw.
  3905 | D:3      | Found a basalt altar of Yredelemnul.
  4416 | D:3      | Noticed Natasha
  4433 | D:3      | Killed Natasha
  4434 | D:3      | Reached XP level 5. HP: 24/28 MP: 2/15
  4765 | D:3      | Noticed Natasha
  4795 | D:3      | Killed Natasha
  4799 | D:3      | Learned a level 2 spell: Poisonous Vapours
  4963 | D:4      | Noticed a necrophage
  4987 | D:4      | Killed a necrophage
  4988 | D:4      | Reached skill level 6 in Spellcasting
  4988 | D:4      | Reached skill level 1 in Poison Magic
  4988 | D:4      | Reached XP level 6. HP: 32/32 MP: 9/17
  5184 | D:4      | Found Xoapp's General Store.
  5279 | D:4      | Found a radiant altar of Vehumet.
  5525 | D:4      | Bought a scroll of identify for 28 gold pieces
  5525 | D:4      | Bought a scroll of identify for 28 gold pieces
  5592 | D:4      | Learned a level 3 spell: Teleport Other
  5597 | D:5      | Entered Level 5 of the Dungeon
  5863 | D:5      | Found Fihy's Assorted Antiques.
  5922 | D:5      | Reached XP level 7. HP: 18/36 MP: 15/18
  6184 | D:5      | Reached skill level 5 in Dodging
  6225 | D:5      | Reached skill level 7 in Spellcasting
  6647 | D:6      | Learned a level 3 spell: Gell's Gravitas
  7017 | D:6      | Reached skill level 5 in Conjurations
  7120 | D:6      | Reached XP level 8. HP: 41/41 MP: 21/21
  7764 | D:7      | Noticed Harold
  7795 | D:6      | Reached skill level 8 in Spellcasting
  7810 | D:6      | Killed Harold
  7811 | D:6      | Reached skill level 9 in Spellcasting
  8061 | D:7      | Found a glowing silver altar of Zin.
  8113 | D:7      | Got the Reference Book on Damaging Shape Shifting
  8128 | D:7      | Reached XP level 9. HP: 45/45 MP: 24/24
  8130 | D:7      | Learned a level 1 spell: Foxfire
  8197 | D:7      | Found a hazy altar of Hepliaklqana.
  8201 | D:7      | Learned a level 1 spell: Freeze
  8205 | D:7      | Learned a level 3 spell: Frozen Ramparts
  8425 | D:7      | Found a shadowy altar of Dithmenos.
  8584 | D:7      | Reached skill level 1 in Fire Magic
  8904 | D:7      | Found a staircase to the Ecumenical Temple.
  8913 | Temple   | Entered the Ecumenical Temple
  8971 | Temple   | Became a worshipper of Sif Muna the Loreminder
  9067 | D:8      | HP: 2/45 [killer bee (3)]
  9068 | D:8      | Slain by a killer bee

Illustrated notes

Levels and vault maps discovered:
D:1:      grunt_arrival_lava_bath, layout_loops_ring,
          chequers_ecumenical_altar_island, hangedman_decor_points
D:2:      minmay_door_path, layout_basic, minmay_worlds_worst_comb, uniq_robin
D:3:      layout_loops_corners, yredelemnul_altar_generic,
          general_overflow_altar, uniq_natasha
D:4:      layout_basic, mainiacjoe_overflow_small_starburst, serial_shops,
          nicolae_shop_waterfront
D:5:      layout_rooms, serial_shops, shop_fountains
D:6:      layout_layer_cave, minmay_misc_feat_secret_circle,
          eino_small_chamber_without_monster
D:7:      layout_basic, zin_academy, mainiacjoe_overflow_paths,
          kennysheep_mini_moat, minmay_temple_entry_statues, uniq_harold
D:8:      layout_basic, mainiacjoe_overflow_brackets
Temple:   eino_temple_water

Skill      XL: |  1  2  3  4  5  6  7  8  9 |
---------------+----------------------------+-----
Stealth        | 3 |  3.0
Summonings     | 2 |  2.0
Dodging        | 3 4 5 8 |  8.6
Conjurations   | 2 3 4 5 |  5.0
Translocations | 2 4 |  4.0
Spellcasting   | 5 6 7 9 |  9.7
Poison Magic   | 1 2 4 |  4.0
Fire Magic     | 1 |  1.5

Action                   |  1- 3 |  4- 6 |  7- 9 || total
-------------------------+-------+-------+-------++-------
Melee: Staff             |    20 |    47 |    22 ||    89
       Dagger            |     8 |       |       ||     8
       Punch             |       |     3 |       ||     3
       Unarmed           |       |     8 |       ||     8
 Cast: Magic Dart        |   142 |   124 |   114 ||   380
       Blink             |     7 |     7 |    21 ||    35
       Call Imp          |     1 |     7 |    14 ||    22
       Poisonous Vapours |       |     4 |    28 ||    32
       Slow              |       |     2 |       ||     2
       Conjure Flame     |       |       |     3 ||     3
       Teleport Other    |       |       |     1 ||     1
       Mephitic Cloud    |       |       |     4 ||     4
       Foxfire           |       |       |    31 ||    31
       Gell's Gravitas   |       |       |     2 ||     2
       Frozen Ramparts   |       |       |     2 ||     2
  Use: Scroll            |     3 |     2 |     1 ||     6
       Potion            |       |       |     5 ||     5
Armor: Robe              |    22 |    32 |    20 ||    74
       Skin              |       |     1 |       ||     1
Dodge: Dodged            |    59 |    51 |    62 ||   172

Table legend: (Time is in decaauts)
 A = Elapsed time spent in this place.
 B = Non-inter-level travel time spent in this place.
 C = Inter-level travel time spent in this place.
 D = Time resting spent in this place.
 E = Time spent auto-exploring this place.
 F = Levels seen in this place.
 G = Mean time per level.
                   A        B        C        D        E       F      G
               +--------+--------+--------+--------+--------+-----+--------+
         Total |   9096 |   8919 |    177 |      2 |   7532 |   9 | 1010.7 |
       Dungeon |   9026 |   8849 |    177 |      2 |   7486 |   8 | 1128.2 |
        Temple |     69 |     69 |      0 |      0 |     46 |   1 |   69.0 |
               +--------+--------+--------+--------+--------+-----+--------+

Top non-repeatable levels by time:
     D:1: 1888 daAuts
     D:2: 1782 daAuts
     D:6: 1556 daAuts
     D:3: 1220 daAuts
     D:7: 942 daAuts
     D:5: 876 daAuts
     D:4: 714 daAuts
  Temple: 69 daAuts
     D:8: 44 daAuts
